 Dungeon Crawl Stone Soup version 0.27.1-1-g398f81649c (webtiles) character file.

Game seed: 12553467719817379449

19009 MajorAdolf the Placeless Naga (level 12, -22/103 HPs)
             Began as a Naga Wanderer on Sept 9, 2021.
             Was a Priest of Sif Muna.
             Killed from afar by a molten gargoyle (28 damage)
             ... with a bolt of magma
             ... in a volcano on Sept 10, 2021.
             The game lasted 00:55:51 (28866 turns).

MajorAdolf the Placeless Naga (Naga Wanderer)      Turns: 28866, Time: 00:55:52

Health: -22/103    AC: 12    Str: 15    XL:     12   Next: 64%
Magic:  26/32      EV: 12    Int: 22    God:    Sif Muna [***...]
Gold:   523        SH:  9    Dex:  8    Spells: 19/26 levels left

rFire    + . .     SeeInvis +   D - +4 rapier (venom)
rCold    . . .     Faith    .   c - +0 kite shield
rNeg     . . .     Spirit   .   o - +2 animal skin
rPois    +         Reflect  .   p - +2 helmet
rElec    .         Harm     .   (no cloak)
rCorr    +         Rampage  .   t - +1 pair of gloves
Will     +....                  (no barding)
Stlth    ++........             f - amulet of magic regeneration
HPRegen  0.27/turn              m - ring of Conflict {rPois rF+ rCorr EV+4 Int+2}
MPRegen  0.48/turn              y - ring of magical power

@: silenced, hasted, quick
A: AC +4, large, see invisible, deformed body, poison resistance, slowness 2,
spit poison 1, naga tail 1
a: Spit Poison, Renounce Religion


You were in a volcano.
You worshipped Sif Muna.
Sif Muna was most pleased with you.
You visited 3 branches of the dungeon, and saw 14 of its levels.
You also visited: Volcano.

You collected 523 gold pieces.

Inventory:

Hand Weapons
 d - a +2 arbalest of flaming
 D - a +4 rapier of venom (weapon)
 O - a +0 flail of holy wrath
Missiles
 k - 18 bolts
Armour
 c - a +0 kite shield (worn)
 o - a +2 animal skin (worn)
 p - a +2 helmet (worn)
 q - +0 acid dragon scales
 t - a +1 pair of gloves (worn)
 L - the +0 hat of Bexzigg {rC++}
   (You found it on level 7 of the Dungeon)

   rC:        It greatly protects you from cold.
 S - +0 fire dragon scales
Magical Staves
 x - a staff of death
 R - a staff of fire
Jewellery
 f - an amulet of magic regeneration (around neck)
 g - a +6 ring of intelligence
 m - the ring of Conflict (left hand) {rPois rF+ rCorr EV+4 Int+2}
   (You acquired it on level 11 of the Dungeon)

   [ring of evasion]

   EV:        It affects your evasion (+4).
   Int:       It affects your intelligence (+2).
   rF:        It protects you from fire.
   rPois:     It protects you from poison.
   rCorr:     It protects you from acid and corrosion.
 y - a ring of magical power (right hand)
 V - the ring of Faargh {Will+ Str+3}
   (You found it on level 10 of the Dungeon)

   [ring of willpower]

   Str:       It affects your strength (+3).
   Will:      It increases your willpower.
Wands
 K - a wand of polymorph (11)
 M - a wand of flame (10)
Scrolls
 e - 2 scrolls of fear
 h - 2 scrolls of vulnerability
 j - a scroll of brand weapon
 r - 3 scrolls of teleportation
 F - a scroll of immolation
 G - 2 scrolls of enchant weapon
 W - a scroll of holy word
 Y - a scroll of noise
Potions
 b - 2 potions of haste
 i - 3 potions of brilliance {unknown}
 l - 2 potions of mutation {unknown}
 n - 3 potions of cancellation {unknown}
 B - 2 potions of lignification {unknown}
 I - 3 potions of might {unknown}
 J - 2 potions of heal wounds {unknown}
 T - a potion of degeneration {unknown}
 U - a potion of flight {unknown}
 X - a potion of ambrosia {unknown}


   Skills:
 - Level 5.0 Fighting
 - Level 1.0 Bows
 - Level 1.7 Throwing
 - Level 1.5 Armour
 - Level 7.0 Stealth
 + Level 5.2 Shields
 - Level 1.0 Unarmed Combat
 + Level 7.6 Spellcasting
 + Level 12.3 Translocations
 + Level 10.5 Invocations
 - Level 5.0 Evocations


You had 19 spell levels left.
You knew the following spells:

 Your Spells              Type           Power      Damage    Failure   Level
a - Blink                 Tloc           N/A        N/A       1%          2
b - Manifold Assault      Tloc           58%        N/A       3%          5

Your spell library contained the following spells:

 Spells                   Type           Power      Damage    Failure   Level
 Lesser Beckoning         Tloc           29%        N/A       1%          3
 Magic Dart               Conj           32%        1d4       17%         1
 Pain                     Necr           32%        1d5       17%         1
 Call Imp                 Summ           8%         N/A       26%         2
 Mephitic Cloud           Conj/Pois/Air  8%         N/A       45%         3
 Ozocubu's Armour         Ice            8%         N/A       45%         3
 Hailstorm                Conj/Ice       8%         3d4       86%         4
 Ice Form                 Ice/Tmut       8%         N/A       86%         4
 Agony                    Necr           8%         N/A       99%         5
 Excruciating Wounds      Necr           4%         N/A       99%         5
 Metabolic Englaciation   Hex/Ice        4%         N/A       99%         5
 Simulacrum               Ice/Necr       4%         N/A       100%        6
 Ozocubu's Refrigeration  Ice            4%         4d5       100%        7


Dungeon Overview and Level Annotations

Branches:
Dungeon (12/15)            Temple (1/1) D:4            Lair (1/6) D:10
Volcano (1/1)
    Orc: D:9-12

Altars:
Ashenzari
Cheibriados
Dithmenos
Elyvilon
Fedhas
Gozag
Hepliaklqana
Kikubaaqudgha
Makhleb
Nemelex Xobeh
Okawaru
Qazlal
Ru
Sif Muna
Trog
Uskayaw
Vehumet
Wu Jian
Xom
Yredelemnul
Zin
The Shining One
Lugonu

Annotations:
D:4 exclusion: downstairs
D:8 2 transporters, 3 runed translucent doors, Gwenloh's ghost, novice DENe; HammerPanzer's ghost, novice MiBe; MajorAdolf's ghost, novice NaWn; amoeba's ghost, novice MiFi
D:11 1 runed translucent door, exclusion: downstairs


Innate Abilities, Weirdness & Mutations

Your serpentine skin is tough. (AC +4)
You have supernaturally acute eyesight. (SInv)
Armour fits poorly on your strangely shaped body.
Your system is resistant to poisons. (rPois)
You cover ground very slowly.
You can spit poison.
You have a snake-like lower body.


Message History

You feel better. You block the molten gargoyle's attack.
You feel better.
As you read the scroll of silence, it crumbles to dust.
A profound silence engulfs you.
The molten gargoyle hits you with a +1 morningstar of holy wrath!
* * * LOW HITPOINT WARNING * * *
You are engulfed in flames.
You resist.
* * * LOW HITPOINT WARNING * * *
Unknown command.
Okay, then.
You hit the molten gargoyle but do no damage.
The molten gargoyle is heavily damaged.
You block the molten gargoyle's attack.
Unknown command.
You hit the molten gargoyle but do no damage.
The molten gargoyle is heavily damaged.
You block the molten gargoyle's attack.
Unknown command.
Okay, then.
You closely miss the molten gargoyle.
The molten gargoyle is heavily damaged.
The molten gargoyle blasts magma at you!
The bolt of magma hits you. You partially resist.
* * * LOW HITPOINT WARNING * * *
Unknown command.
You puncture the molten gargoyle!
The molten gargoyle is severely damaged.
The molten gargoyle blasts magma at you!
The bolt of magma misses you.
Unknown command.
You barely miss the molten gargoyle.
The molten gargoyle is severely damaged.
You block the molten gargoyle's attack.
You hit the molten gargoyle but do no damage.
The molten gargoyle is severely damaged.
You hit the molten gargoyle.
The molten gargoyle is almost destroyed.
The molten gargoyle blasts magma at you!
The bolt of magma hits you!! You partially resist.
You die...

§§≈§§≈≈§≈≈≈≈≈§..##.##..#
≈§§§§≈≈≈≈≈≈§§≈§..#.#.###
≈≈≈≈§§≈≈§§≈§§≈§§.##.##
≈§≈≈§§§§≈§≈≈≈≈≈≈≈.###
§§§§§§§≈≈≈§≈≈≈≈≈≈..#
≈§§≈≈≈§§≈≈§≈§§≈§≈..###
≈≈≈§§≈≈≈§§§§≈≈§≈.....#
≈≈≈≈≈§§§≈≈≈≈§§.......#
≈≈≈§≈≈≈§§§≈§≈§.9@#.###
≈≈≈≈§§≈≈§≈≈§§§..####
≈≈§§≈§≈≈≈≈≈≈§.###
...§≈§≈§≈§....#
§...≈≈§≈≈...###
.....≈≈≈≈...#
..##..§≈....#
.8###.....### .##
##...##


You could see a molten gargoyle.

Vanquished Creatures
  A boulder beetle (D:11)
  A hydra (D:8)
  An ogre mage (D:11)
  5 two-headed ogres
  An ugly thing (D:9)
  A manticore (D:12)
  2 unseen horrors (D:11)
  2 cane toads
  2 yaktaurs (Volcano)
  A komodo dragon (D:10)
  5 trolls
  2 dream sheep (D:8)
  A spriggan (D:7)
  4 shadows
  4 wyverns
  6 yaks
  7 fire bats (Volcano)
  3 steam dragons
  2 vampire mosquitoes (D:11)
  An acid dragon (D:12)
  2 water moccasins (D:10)
  A black bear (D:5)
  2 ice beasts (D:7)
  3 orc warriors
  2 necrophages
  7 centaurs
  A wyvern zombie (D:5)
  2 bullfrogs
  5 kobold brigands
  A water moccasin zombie (D:5)
  3 gnoll sergeants
  3 scorpions
  2 water moccasin skeletons
  5 killer bees (D:8)
  3 wights (D:10)
  5 howler monkeys
  4 electric eels
  5 centaur zombies
  6 lava snakes (Volcano)
  A bullfrog zombie (D:5)
  9 hounds
  A centaur skeleton (D:4)
  A jelly (D:4)
  9 orc priests
  A bullfrog skeleton (D:6)
  2 gnoll shamans
  2 iguanas
  5 orc wizards
  A killer bee zombie (D:9)
  A hound skeleton (D:4)
  Robin (D:1)
  22 gnolls
  7 adders
  A shadow imp (D:5)
  3 ufetubi
  2 worms
  2 dart slugs
  23 orcs
  9 endoplasms
  19 goblins
  10 hobgoblins
  10 jackals
  14 kobolds
  2 quokkas
  7 ball pythons
  2 bats
  3 frilled lizards
  7 rats
291 creatures vanquished.

Vanquished Creatures (others)
  2 fungi (Lair:1)
  18 plants
20 creatures vanquished.

Grand Total: 311 creatures vanquished

Notes
Turn   | Place    | Note
-------+----------+-------------------------------------------
     0 | D:1      | MajorAdolf the Naga Wanderer began the quest for the Orb.
     0 | D:1      | MajorAdolf set off with the following items: a +0 dagger, a
                  | potion of haste, a potion of curing, 11 poisoned darts, a
                  | scroll of fear, a +0 robe
     0 | D:1      | Reached XP level 1. HP: 21/21 MP: 1/1
   557 | D:1      | Reached XP level 2. HP: 22/28 MP: 2/2
  1556 | D:1      | Found a faded altar of an unknown god.
  1598 | D:1      | Reached XP level 3. HP: 29/34 MP: 3/3
  1967 | D:2      | Noticed Robin
  2767 | D:1      | Reached XP level 4. HP: 36/44 MP: 4/4
  2846 | D:1      | Killed Robin
  4336 | D:2      | Reached skill level 5 in Stealth
  4839 | D:2      | Reached XP level 5. HP: 36/51 MP: 5/5
  5228 | D:2      | Learned a level 2 spell: Blink
  6790 | D:4      | Found a staircase to the Ecumenical Temple.
  6823 | Temple   | Entered the Ecumenical Temple
  6825 | Temple   | Reached skill level 1 in Spellcasting
  6825 | Temple   | Reached skill level 1 in Translocations
  7199 | Temple   | Became a worshipper of Sif Muna the Loreminder
  7346 | D:4      | Reached XP level 6. HP: 55/60 MP: 8/8
  7608 | Temple   | Reached skill level 5 in Fighting
  8010 | D:4      | Learned a level 5 spell: Manifold Assault
  8038 | D:4      | Reached skill level 2 in Translocations
  8106 | D:4      | Reached XP level 7. HP: 67/67 MP: 10/10
  8758 | D:4      | Reached skill level 3 in Translocations
  9086 | D:5      | Entered Level 5 of the Dungeon
  9144 | D:5      | Reached skill level 1 in Evocations
  9580 | D:4      | Reached skill level 4 in Translocations
  9580 | D:4      | Reached XP level 8. HP: 43/74 MP: 12/12
  9978 | D:5      | Reached * piety under Sif Muna
 10268 | D:5      | Reached skill level 5 in Translocations
 10931 | D:6      | Reached skill level 6 in Translocations
 11495 | D:6      | Reached skill level 7 in Translocations
 11950 | D:6      | Reached XP level 9. HP: 69/81 MP: 13/13
 12295 | D:6      | Found an ancient bone altar of Kikubaaqudgha.
 12298 | D:6      | Found a glowing silver altar of Zin.
 12299 | D:6      | Found a shimmering altar of Xom.
 12299 | D:6      | Found an opulent altar of Gozag.
 12303 | D:6      | Found an iron altar of Okawaru.
 12304 | D:6      | Found a stormy altar of Qazlal.
 12353 | D:6      | Reached skill level 8 in Translocations
 12471 | D:7      | Found a transporter.
 12736 | D:7      | Reached skill level 1 in Invocations
 12898 | D:7      | Identified the +0 hat of Bexzigg {rC++}
 12935 | D:7      | Found a transporter.
 14273 | D:7      | Found a radiant altar of Vehumet.
 14279 | D:7      | Found a broken altar of Ashenzari.
 14562 | D:7      | Reached skill level 5 in Evocations
 15877 | D:8      | Reached skill level 9 in Translocations
 15886 | D:8      | Reached ** piety under Sif Muna
 16159 | D:8      | Reached skill level 5 in Invocations
 16593 | D:8      | Reached XP level 10. HP: 30/88 MP: 14/14
 17235 | D:8      | Found a transporter.
 17237 | D:8      | Found a transporter.
 17237 | D:8      | Found a corrupted altar of Lugonu.
 17238 | D:8      | Noticed a white ugly thing
 17239 | D:8      | Noticed a brown ugly thing
 17288 | D:8      | Found a runed translucent gate.
 17288 | D:8      | Found a runed translucent gate.
 17288 | D:8      | Noticed amoeba's ghost (novice MiFi)
 17289 | D:8      | Found a runed translucent gate.
 17290 | D:8      | Noticed Gwenloh's ghost (novice DENe)
 17290 | D:8      | Noticed MajorAdolf's ghost (novice NaWn)
 17290 | D:8      | Noticed HammerPanzer's ghost (novice MiBe)
 17466 | D:8      | Noticed a two-headed ogre
 17473 | D:8      | Killed a two-headed ogre
 17474 | D:8      | Reached skill level 10 in Translocations
 17623 | D:8      | Noticed a three-headed hydra
 17970 | D:8      | Killed a three-headed hydra
 20669 | D:9      | Found a white marble altar of Elyvilon.
 20746 | D:9      | Noticed a purple ugly thing
 20755 | D:9      | Reached XP level 11. HP: 84/94 MP: 18/18
 20799 | D:10     | Entered Level 10 of the Dungeon
 20892 | D:10     | Reached skill level 1 in Shields
 20979 | D:10     | Found a sparkling altar of Nemelex Xobeh.
 21015 | D:10     | Reached skill level 5 in Spellcasting
 21131 | D:10     | Reached skill level 11 in Translocations
 21989 | D:10     | Identified the ring of Faargh {Will+ Str+3}
 22161 | D:10     | Found a staircase to the Lair.
 23169 | D:9      | Killed a purple ugly thing
 23785 | D:9      | Found a white marble altar of Elyvilon.
 24484 | D:11     | Noticed a two-headed ogre
 24492 | D:11     | Killed a two-headed ogre
 24492 | D:11     | Noticed a two-headed ogre
 24494 | D:11     | Noticed a boulder beetle
 24505 | D:11     | Killed a two-headed ogre
 24507 | D:11     | Killed a boulder beetle
 25069 | D:11     | Reached *** piety under Sif Muna
 25251 | D:11     | Identified a scroll of acquirement
 25252 | D:11     | Acquired the ring of Conflict {rPois rF+ rCorr EV+4 Int+2}
 25440 | D:11     | Noticed an ogre mage
 25532 | D:11     | Killed an ogre mage
 25533 | D:11     | Reached XP level 12. HP: 69/103 MP: 5/21
 25688 | D:11     | Found a runed translucent door.
 25970 | D:11     | Noticed a two-headed ogre
 25981 | D:11     | Killed a two-headed ogre
 26045 | D:11     | Noticed a two-headed ogre
 26053 | D:11     | Killed a two-headed ogre
 26054 | D:11     | Reached skill level 10 in Invocations
 26399 | D:12     | Reached skill level 12 in Translocations
 27025 | D:12     | Noticed a death knight
 27283 | Lair:1   | Entered Level 1 of the Lair of Beasts
 27452 | D:10     | HP: 2/103 [komodo dragon (15)]
 27873 | Lair:1   | Found a dark tunnel.
 27883 | Volcano  | Entered a volcano
 27948 | Volcano  | Reached skill level 5 in Shields
 28533 | Volcano  | Noticed a centaur warrior
 28534 | Volcano  | Noticed a red draconian
 28862 | Volcano  | HP: 5/103 [molten gargoyle/bolt of magma (4)]
 28866 | Volcano  | Killed from afar by a molten gargoyle

Illustrated notes

Levels and vault maps discovered:
D:1:      minmay_arrival_five_plusses, layout_loops_cross,
          hellmonk_ecumenical_altar_leap_of_faith, st_stairs_4,
          minmay_hedge_maze
D:2:      layout_basic, uniq_robin
D:3:      layout_rooms, serial_co_window_serial, co_window_paths_a,
          co_window_corner_a, co_window_corner_a, co_window_paths_b,
          co_window_paths_a, co_window_of_opportunity_a,
          co_window_unsneaky_path_c, co_window_paths_c, co_window_corner_cb,
          co_window_broadway_c, co_window_corner_ca, glass_columns_b,
          glass_columns_a, glass_columns_a
D:4:      layout_loops_ring, minmay_temple_entry_mist
D:5:      layout_cave_pools
D:6:      layout_basic, minitemple, serial_bayou_lake_a
D:7:      gammafunk_steamed_eel, layout_loops_cross, jmf_multi_god_temple,
          the_hattery
D:8:      gammafunk_corrupted_shrine, layout_basic, gammafunk_ghost_cemetery,
          hangedman_ranch
D:9:      layout_gridville, kennysheep_mini, serial_glass, glass_columns_b,
          glass_columns_a
D:10:     layout_cave_pods, nemelex_spade_bored_becter, dpeg_oklobed_lair
D:11:     kennysheep_six_static_rooms, layout_cave_pools, minivault_13
D:12:     layout_irregular_city, david_orc_4, uniq_nessos
Temple:   minmay_temple_forest_path
Lair:1:   layout_concentric_octagons, nicolae_volcano_entry_two_sided,
          grunt_megastairs_5, uniq_gastronok
Volcano:  volcano_grotto [vgs_many_chambers]

Skill      XL: |  1  2  3  4  5  6  7  8  9 10 11 12 |
---------------+-------------------------------------+-----
Stealth        | 2 3 4 5 6 7 |  7.0
Fighting       | 4 5 |  5.0
Spellcasting   | 1 2 3 4 6 7 |  7.6
Translocations | 1 2 4 7 9 10 11 12 | 12.3
Evocations     | 2 4 5 |  5.0
Invocations    | 5 8 9 10 | 10.5
Shields        | 4 5 |  5.2
Bows           | |  1.0
Throwing       | |  1.7
Armour         | |  1.5
Unarmed Combat | |  1.0

Action                   |  1- 3 |  4- 6 |  7- 9 | 10-12 || total
-------------------------+-------+-------+-------+-------++-------
Melee: Dagger            |    90 |    52 |       |       ||   142
       Long sword        |       |    70 |       |       ||    70
       Spear             |       |    34 |    45 |       ||    79
       Rapier            |       |       |   322 |   594 ||   916
       Punch             |       |       |     1 |     1 ||     2
       Flail             |       |       |       |    75 ||    75
Throw: Dart              |    17 |    24 |     3 |       ||    44
 Cast: Manifold Assault  |       |       |    79 |   259 ||   338
       Blink             |       |       |     1 |    29 ||    30
Invok: Channel Magic     |       |       |       |     2 ||     2
 Abil: Spit Poison       |    41 |    58 |    16 |     8 ||   123
Evoke: Wand              |       |       |     2 |    31 ||    33
  Use: Potion            |       |     1 |     1 |     7 ||     9
       Scroll            |       |       |       |    14 ||    14
 Stab: Sleeping          |       |     1 |     4 |       ||     5
       Distracted        |       |     1 |       |       ||     1
Armor: Robe              |    34 |     3 |       |       ||    37
       Animal skin       |       |    94 |   189 |   289 ||   572
Dodge: Dodged            |    44 |    97 |   187 |   270 ||   598
Block: Kite shield       |       |       |       |   115 ||   115
       Buckler           |       |       |       |    31 ||    31
       Rpst.: Long sword |       |    19 |       |       ||    19
